 Dungeon Crawl Stone Soup version 0.17.0-24-gcfadda4 (webtiles) character file.

707 oplop the Changer (level 7, -1/48 HPs)
             Began as a Merfolk Transmuter on Nov 17, 2015.
             Slain by a wight
             ... wielding a +0 spear
              (5 damage)
             ... on level 6 of the Dungeon.
             The game lasted 00:08:14 (4294 turns).

oplop the Changer (Merfolk Transmuter)              Turns: 4294, Time: 00:08:15

Health: -1/48      AC:  2    Str: 10    XL:     7   Next: 67%
Magic:  17/21      EV: 24    Int: 15    God:
Gold:   231        SH:  0    Dex: 19    Spells: 3 memorised, 7 levels left

rFire  . . .     SeeInvis .       - Unarmed
rCold  . . .     Clarity  .     (armour currently unavailable)
rNeg   + . .     SustAt   .     (shield currently unavailable)
rPois  x         Gourm    .     (helmet currently unavailable)
rElec  .         Spirit   .     (cloak currently unavailable)
rCorr  .         Warding  .     (gloves currently unavailable)
rMut   .         Stasis   .     (boots currently unavailable)
MR     .....                    v - amulet of faith
Stlth  ++........               n - ring of magical power
                                p - ring of positive energy

@: spider-form, very slightly contaminated, drained, not resistant to hostile
enchantments, unstealthy
A: (change form in water), (swift swim)
a: End Transformation


You were on level 6 of the Dungeon.
You were hungry.
You were a venomous arachnid creature.
You visited 1 branch of the dungeon, and saw 6 of its levels.

You collected 231 gold pieces.

Inventory:

Missiles
 a - 36 arrows
Armour
 b - a +1 robe (melded)
Jewellery
 n - a ring of magical power (right front leg)
 p - a ring of positive energy (left front leg)
 v - an amulet of faith (around neck)
Scrolls
 e - 2 scrolls of identify
 i - a scroll of teleportation
 l - a scroll of remove curse
Potions
 g - 2 potions of cancellation
 h - a potion of agility {unknown}
 m - 3 potions of curing {unknown}
 q - 2 potions of invisibility {unknown}
 r - a potion of poison {unknown}
Books
 c - a book of Changes

   Spells                             Type                      Level
   a - Beastly Appendage              Transmutation                1
   b - Sticks to Snakes               Transmutation                2
   c - Spider Form                    Transmutation/Poison         3
   d - Ice Form                       Ice/Transmutation            4
   e - Blade Hands                    Transmutation                5
Comestibles
 d - 3 bread rations
 k - a meat ration
 u - a beef jerky


   Skills:
 - Level 1.1(0.7) Fighting
 + Level 5.7(5.3) Dodging
 + Level 5.1(4.7) Unarmed Combat
 + Level 3.7(3.4) Spellcasting
 + Level 5.7(5.3) Transmutations
 + Level 3.2(2.8) Poison Magic


You had 7 spell levels left.
You knew the following spells:

 Your Spells              Type           Power        Failure   Level  Hunger
a - Beastly Appendage     Trmt           ###...       8%          1    None
b - Sticks to Snakes      Trmt           ###.......   12%         2    ##.....
c - Spider Form           Trmt/Pois      ##........   32%         3    ###....


Dungeon Overview and Level Annotations

Branches:
Dungeon (6/15)             Temple (0/1) D:6

Altars:
Ashenzari
Cheibriados
Makhleb
Qazlal
Vehumet
Yredelemnul
The Shining One


Message History

You hit the wight.
You destroy the wight!
The wight completely misses you. The wight hits you with a spear.
Items here: ))) [[ an enchanted short sword; a robe; an enchanted dagger; a robe; a giant club You hit the wight.
The wight is lightly damaged.
The wight hits you with a spear!
* * * LOW HITPOINT WARNING * * *
You partially resist.
You feel drained.
You hit the wight.
The wight is lightly damaged.
The wight hits you with a spear.
* * * LOW HITPOINT WARNING * * *
You partially resist.
You feel drained.
You hit the wight but do no damage.
The wight is lightly damaged.
The wight hits you with a spear.
You die...

### ##. #.. ..# #.# ###.#
#.# ####
###.#.####.########.
#...###........#..........
##......#...#...........(.
#∩_.....#...###.........#.
##......#....sz...#.#.....
#...#.#.#..####..#.#.#....
####............#.#.#.#...
#.....†....####..#S>.#....
#.....###..####.#.#.#.#...
#.#+### #........#.#.#...
+###.#.# ###........#.#...
.......# #.......... ....
.......# #..........


You could see a wight and an adder (wandering).

Vanquished Creatures
  An ogre (D:6)
  A phantom (D:4)
  2 wights (D:6)
  3 hounds
  An orc wizard (D:6)
  An iguana (D:4)
  4 worker ants
  A hound skeleton (D:4)
  3 adders
  8 gnolls
  A shadow imp (D:6)
  A worm (D:3)
  2 giant geckos
  9 orcs
  2 ball pythons
  12 goblins
  2 hobgoblins
  6 kobolds
  A quokka (D:4)
  9 bats
  3 giant cockroaches
  4 giant newts
  7 rats
84 creatures vanquished.

Notes
Turn   | Place    | Note
--------------------------------------------------------------
     0 | D:1      | oplop the Merfolk Transmuter began the quest for the Orb.
     0 | D:1      | Reached XP level 1. HP: 15/15 MP: 3/3
    32 | D:1      | Reached XP level 2. HP: 16/21 MP: 5/5
   802 | D:2      | Reached XP level 3. HP: 16/26 MP: 6/6
   966 | D:2      | Learned a level 2 spell: Sticks to Snakes
   970 | D:2      | Learned a level 3 spell: Spider Form
  1550 | D:3      | Found a faded altar to an unknown god.
  1595 | D:3      | Found a shattered altar of Ashenzari.
  1941 | D:3      | Found a stormy altar of Qazlal.
  1941 | D:3      | Found a snail-covered altar of Cheibriados.
  2032 | D:3      | Reached XP level 4. HP: 28/32 MP: 5/7
  2058 | D:3      | Found a glowing golden altar of the Shining One.
  2218 | D:3      | Found a basalt altar of Yredelemnul.
  2220 | D:3      | Found a radiant altar of Vehumet.
  2338 | D:4      | Reached skill level 1 in Poison Magic
  2575 | D:4      | Noticed a phantom
  2777 | D:2      | Reached skill level 4 in Unarmed Combat
  2777 | D:2      | Reached XP level 5. HP: 30/37 MP: 9/9
  3411 | D:4      | Reached XP level 6. HP: 31/43 MP: 10/10
  3597 | D:4      | Killed a phantom
  3659 | D:4      | Reached skill level 5 in Transmutations
  3988 | D:5      | Entered Level 5 of the Dungeon
  4086 | D:5      | Reached skill level 5 in Dodging
  4179 | D:6      | Reached XP level 7. HP: 48/48 MP: 11/11
  4240 | D:6      | Found a burning altar of Makhleb.
  4257 | D:6      | Found a staircase to the Ecumenical Temple.
  4275 | D:6      | Reached skill level 5 in Unarmed Combat
  4294 | D:6      | Slain by a wight

Action                   |  1- 3 |  4- 6 |  7- 9 || total
-------------------------+-------+-------+-------++-------
Melee: Unarmed           |   110 |   130 |    45 ||   285
 Cast: Beastly Appendage |    31 |    11 |       ||    42
       Sticks to Snakes  |     4 |       |       ||     4
       Spider Form       |     2 |    14 |     4 ||    20
  Use: Scroll            |       |     8 |       ||     8
 Stab: Sleeping          |       |     3 |       ||     3
  Eat: Chunk             |     4 |     8 |     1 ||    13
       Fruit             |       |     1 |       ||     1
